Map: Star Station TE

Players

Ecrotoss - Winner!

  • Race: Protoss Protoss
  • Spawn Location: 11:00

CBagRun

  • Race: Zerg Zerg
  • Spawn Location: 5:00

VOD

Have the link to the VOD?

Description

Time

  • Played on: Dec. 13, 2021, 10:37 p.m.
  • Length: 18:07
Show
View Real Time Build Order
Export as new Build Order

Ecrotoss Protoss - Winner!

Build Orders: Carriers 

Get SALT Encoding   

  12  0:00  Probe  
  13  0:12  Probe  
  14  0:20  Pylon  
  14  0:24  Assimilator  
  14  0:28  Probe  
  15  0:40  Probe  
  16  0:43  Forge  
  16  0:52  Pylon  
  16  0:57  Probe  
  17  1:09  Probe  
  18  1:16  Gateway  
  18  1:21  Probe  
  19  1:27  Photon Cannon  
  19  1:33  Probe  
  20  1:40  Photon Cannon  
  20  1:50  Gateway  
  20  1:55  Pylon  
  20  1:57  Probe  
  21  2:13  Cybernetics Core  
  21  2:18  Zealot  
  23  2:40  Nexus  
  23  2:50  Pylon  
  23  2:54  Stalker (Chrono Boost)  
  25  3:01  Adept (Chrono Boost)  
  27  3:15  Assimilator  
  27  3:17  Pylon  
  27  3:26  Stargate  
  27  3:29  Adept (Chrono Boost)  
  27  3:32  Warp Gate (Chrono Boost)  
  29  3:52  Probe (Chrono Boost)  
  31  4:02  Probe (Chrono Boost)  
  31  4:07  Probe (Chrono Boost)  
  31  4:08  Pylon  
  32  4:13  Stargate  
  32  4:16  Assimilator  
  32  4:18  Probe x2  
  34  4:30  Probe x2  
  36  4:35  Stalker  
  38  4:39  Stalker  
  38  4:42  Probe  
  39  5:20  Probe (Chrono Boost)  
  38  5:21  Void Ray  
  42  5:30  Probe (Chrono Boost)  
  42  5:32  Void Ray  
  42  5:35  Probe (Chrono Boost)  
  48  5:45  Zealot x2  
  48  5:46  Probe  
  53  5:53  Pylon  
  53  5:57  Pylon  
  53  5:58  Probe  
  53  6:00  Pylon  
  53  6:03  Void Ray  
  58  6:26  Fleet Beacon  
  58  6:30  Nexus  
  58  6:34  Assimilator  
  58  6:40  Pylon  
  58  6:42  Pylon  
  58  6:45  Assimilator  
  58  6:54  Gateway  
  58  6:57  Gateway  
  58  7:00  Gateway  
  58  7:02  Gateway  
  58  7:14  Carrier (Chrono Boost)  
  64  7:20  Zealot x2  
  68  7:26  Protoss Ground Weapons Level 1  
  68  7:37  Cybernetics Core  
  68  7:42  Protoss Air Weapons Level 1 (Chrono Boost)  
  68  7:44  Probe  
  69  7:56  Probe  
  69  7:57  Carrier (Chrono Boost)  
  76  8:09  Probe  
  77  8:21  Probe  
  77  8:23  Twilight Council  
  78  8:33  Probe  
  79  8:45  Probe  
  80  8:57  Probe  
  80  8:58  Protoss Air Armor Level 1 (Chrono Boost), Carrier  
  87  9:03  Zealot x2  
  87  9:09  Probe  
  92  9:11  Stalker  
  92  9:12  Stalker x2  
  92  9:14  Zealot  
  100  9:37  Photon Cannon  
  100  9:40  Photon Cannon  
  100  9:43  Photon Cannon  
  100  9:51  Probe  
  101  9:59  Photon Cannon  
  101  10:02  Photon Cannon  
  101  10:03  Probe  
  101  10:05  Photon Cannon  
  102  10:07  Photon Cannon  
  102  10:15  Probe, Assimilator  
  102  10:18  Pylon  
  102  10:20  Pylon  
  103  10:25  Carrier (Chrono Boost)  
  103  10:27  Probe  
  110  10:30  Carrier (Chrono Boost)  
  116  10:39  Probe  
  117  10:48  Zealot x2  
  117  10:49  Zealot  
  123  10:50  Stalker x2  
  123  10:54  Zealot  
  129  11:13  Void Ray (Chrono Boost)  
  129  11:17  Void Ray (Chrono Boost)  
  137  11:32  Protoss Air Weapons Level 2 (Chrono Boost)  
  137  11:40  Probe  
  138  11:48  Protoss Air Armor Level 2  
  138  11:52  Probe  
  139  12:04  Probe  
  140  12:10  Robotics Facility  
  140  12:23  Shield Battery  
  140  12:25  Shield Battery  
  140  12:28  Photon Cannon  
  140  12:39  Carrier  
  146  12:48  Pylon  
  146  12:51  Pylon  
  146  12:53  Pylon  
  146  12:54  Zealot  
  146  12:58  Pylon  
  148  13:00  Pylon  
  148  13:02  Pylon  
  148  13:06  Carrier (Chrono Boost)  
  148  13:11  Zealot x3  
  148  13:12  Zealot x2  
  162  13:16  Charge (Chrono Boost)  
  164  13:21  Protoss Ground Weapons Level 2  
  164  14:00  Carrier (Chrono Boost)  
  164  14:02  Void Ray (Chrono Boost)  
  174  14:11  Nexus  
  174  14:16  Mothership (Chrono Boost)  
  182  14:39  Zealot x5  
  182  14:40  Zealot  
  194  14:55  Pylon  
  194  15:05  Zealot  
  196  15:07  Void Ray  
  196  15:12  Void Ray  
  180  15:28  Zealot  
  180  15:29  Zealot x3  
  180  15:30  Zealot  
  180  15:32  Zealot  
  192  15:55  Protoss Ground Armor Level 1  
Show
View Real Time Build Order
Export as new Build Order

CBagRun Zerg 

Build Orders: Pool First, Lurkers 

Get SALT Encoding   

  12  0:00  Drone  
  13  0:16  Drone  
  14  0:28  Spawning Pool  
  14  0:33  Overlord  
  13  0:47  Drone  
  14  0:56  Extractor  
  13  0:59  Extractor  
  13  1:02  Drone x2  
  14  1:16  Zergling x2  
  14  1:18  Zergling x2  
  16  1:28  Zergling x2  
  16  1:30  Queen  
  19  1:35  Zergling x2  
  20  1:46  Drone  
  21  2:03  Drone  
  21  2:06  Metabolic Boost  
  19  2:54  Lair, Hatchery  
  18  2:59  Drone x4  
  18  3:02  Overlord x2  
  22  3:41  Roach Warren  
  22  3:45  Evolution Chamber  
  20  4:02  Spire  
  20  4:05  Drone  
  20  4:06  Drone x5  
  25  4:18  Drone  
  26  4:27  Queen  
  28  4:37  Roach x2  
  32  4:50  Drone  
  32  4:51  Drone  
  32  4:52  Drone  
  31  5:31  Drone x3  
  34  5:35  Zerg Flyer Armor Level 1  
  34  5:38  Corruptor x4  
  42  6:01  Roach  
  42  6:03  Overlord x2  
  44  6:10  Overlord  
  44  6:11  Overlord x2  
  44  6:45  Zergling x2  
  44  6:46  Zergling x6  
  48  6:50  Roach x3  
  54  7:07  Drone x2  
  54  7:08  Drone  
  57  7:26  Drone x3, Infestation Pit  
  57  7:27  Drone  
  60  7:37  Extractor  
  60  7:39  Extractor  
  58  8:04  Zergling x2  
  58  8:05  Zergling x2  
  60  8:14  Hive  
  60  8:17  Drone x3  
  60  8:18  Drone x4  
  68  8:41  Drone x2  
  68  8:46  Zergling x8  
  73  8:51  Zerg Ground Armor Level 1  
  73  8:59  Glial Reconstitution  
  73  9:02  Roach  
  75  9:15  Hydralisk Den  
  74  9:20  Zergling x6  
  77  9:40  Greater Spire  
  77  9:51  Pneumatized Carapace  
  77  10:21  Drone x2  
  78  10:22  Drone  
  78  10:25  Overlord  
  78  10:26  Overlord x2  
  80  10:30  Hatchery  
  80  10:31  Hydralisk x2  
  83  10:45  Zerg Melee Weapons Level 1  
  83  11:00  Brood Lord  
  83  11:01  Zerg Flyer Armor Level 2, Brood Lord  
  87  11:05  Corruptor x3  
  93  11:38  Extractor  
  92  11:40  Drone x2  
  92  11:42  Extractor  
  92  11:43  Drone x2  
  95  12:00  Queen  
  97  12:22  Ultralisk Cavern  
  96  12:24  Hydralisk x2  
  96  12:25  Hydralisk x2  
  96  12:26  Hydralisk  
  106  12:38  Drone x2  
  106  12:39  Drone, Lurker Den  
  108  12:45  Overlord x3  
  108  12:46  Overlord x4  
  108  12:47  Overlord  
  108  12:48  Overlord  
  108  13:30  Drone  
  108  13:31  Drone x2  
  111  14:01  Lurker  
  111  14:02  Lurker x3  
  115  14:04  Lurker  
  115  14:07  Lurker x2  
  118  14:11  Ultralisk x2  
  118  14:12  Ultralisk  
  115  15:36  Ultralisk x2  
  115  15:42  Hydralisk x4  
  129  15:43  Hydralisk x2  
  129  15:47  Overlord x3  
  129  15:48  Overlord  
  139  15:58  Infestor  
  139  15:59  Zergling x2  
  139  16:13  Ultralisk x3  
  157  16:19  Hydralisk x2  
  157  16:20  Hydralisk x2  
  157  16:21  Hydralisk  
  167  17:02  Seismic Spines  
  167  17:04  Anabolic Synthesis  
Tags
 
Composition
CarriersLurkers
Matchup
PvZ
Opening
Pool First
Replay Pack
re
Spawn Locations
Cross Positions
Add a new tag
Caveats
  • Supply blocks, unpowered buildings, or Contaminate may cause inaccurate times.
  • Supply counts are checked every 10 seconds.